 Dungeon Sprint DCSS version 0.28.0-53-g5a82cb258f (webtiles) character file.

Game seed: 14357421226446455913

2767 Zeld the Severer (level 9, -3/145 HPs)
             Began as a Minotaur Berserker on June 9, 2022.
             Was a High Priest of Trog.
             Slain by a demonic crawler (13 damage)
             ... in the Dungeon (Sprint I: "Red Sonja").
             The game lasted 00:01:24 (1586 turns).

Zeld the Severer (Minotaur Berserker)               Turns: 1586, Time: 00:01:25

Health: -3/145     AC:  3    Str: 25    XL:     9   Next: 42%
Magic:  8/8        EV: 15    Int:  4    God:    Trog [*****.]
Gold:   426        SH:  0    Dex: 11    Spells: 8/8 levels left

rFire   . . .      SeeInvis +   a - +0 hand axe
rCold   . . .      Faith    .   (no shield)
rNeg    . . .      Spirit   .   b - +0 animal skin
rPois   +          Reflect  .   (helmet restricted)
rElec   .          Harm     .   (no cloak)
rCorr   .          Rampage  .   (no gloves)
Will    .....      NoTele   +   (no boots)
Stlth   ..........              (no amulet)
HPRegen 0.34/turn               j - ring of see invisible
MPRegen 0.11/turn               k - ring of poison resistance

@: berserking (expiring), very quick
A: horns 2, retaliatory headbutt
a: Renounce Religion, Berserk, Trog's Hand, Brothers in Arms


You were in the Dungeon.
You worshipped Trog.
Trog was extremely pleased with you.
You visited 1 branch You collected 851 gold pieces.
You spent 425 gold pieces at shops.

Inventory:

Hand Weapons
 a - a +0 hand axe (weapon)
Armour
 b - a +0 animal skin (worn)
Jewellery
 j - a ring of see invisible (left hand)
 k - a ring of poison resistance (right hand)
Scrolls
 h - a scroll of blinking
 l - a scroll of fear {unknown}
Potions
 c - 4 potions of curing
 d - a potion of heal wounds
 e - a potion of haste
 f - 2 potions of magic
 g - a potion of berserk rage
 i - a potion of cancellation {unknown}
 m - a potion of flight {unknown}


   Skills:
 * Level 15.3 Fighting
 * Level 15.5 Axes
 + Level 11.0 Armour
 + Level 10.1 Dodging


You had 8 spell levels left.
You didn't know any spells.
Your spell library was empty.

Dungeon Overview and Level Annotations

Branches:
Dungeon (1/1)

Altars:
Cheibriados
Dithmenos
Elyvilon
Fedhas
Gozag
Hepliaklqana
Kikubaaqudgha
Makhleb
Nemelex Xobeh
Okawaru
Qazlal
Ru
Sif Muna
Trog
Uskayaw
Vehumet
Wu Jian
Xom
Yredelemnul
Zin
The Shining One
Jiyva
Lugonu

Shops:
D ==[


Innate Abilities, Weirdness & Mutations

You have a pair of horns on your head.
You reflexively headbutt those who attack you in melee.


Message History

The gargoyle barely misses you.
The demonic crawler shrieks in warning!
Unknown command.
Unknown command.
You slice the demonic crawler!!
The demonic crawler is severely wounded.
You hit the demonic crawler but do no damage.
You hit the gargoyle but do no damage. The demonic crawler closely misses you.
The demonic crawler barely misses you. The demonic crawler hits you.
* * * LOW HITPOINT WARNING * * *
Unknown command.
Unknown command.
You hit the demonic crawler. You headbutt the demonic crawler.
The demonic crawler is severely wounded.
You hit the gargoyle but do no damage. You hit the demonic crawler.
The demonic crawler hits you!
* * * LOW HITPOINT WARNING * * *
The demonic crawler misses you. The demonic crawler hits you.
* * * LOW HITPOINT WARNING * * *
Unknown command.
You closely miss the demonic crawler.
The demonic crawler is severely wounded.
You hit the gargoyle but do no damage.
You hit the demonic crawler but do no damage.
The demonic crawler shrieks in warning!
The gargoyle closely misses you.
Unknown command.
You hit the demonic crawler.
The demonic crawler is almost dead.
You hit the demonic crawler. You hit the gargoyle.
Unknown command.
Unknown command.
You slash the demonic crawler!
You feel the power of Trog in you as your rage grows.
You kill the demonic crawler!
Trog accepts your kill.
Trog will now gift you melee weapons as you gain piety.
You hit the demonic crawler but do no damage.
You barely miss the gargoyle. The demonic crawler hits you!
You die...

#################
#..'..#__#..')..#
').#..'..'..#).s##+#
#####'#__####...@..#
#...#)#### #####9.+
#.)##(# '## ##'#_.+
.. .'..._# ..○
##_.#'##+### #.○°
###'#[#...(### .°°#
###.####'###[## .°##
.'...'.....':∩#


You could see a demonic crawler and a gargoyle.

Vanquished Creatures
  Sonja (D)
  A deep troll (D)
  3 demonic crawlers (D)
  2 kobold demonologists (D)
  A slime creature (D)
  Sigmund (D)
  A yak (D)
  A floating eye (D)
  An ogre (D)
  A jelly (D)
  Ijyb (D)
14 creatures vanquished.

Vanquished Creatures (others)
  2 ballistomycete spores (D)
2 creatures vanquished.

Grand Total: 16 creatures vanquished

Notes
Turn   | Place    | Note
-------+----------+-------------------------------------------
     0 | D        | Zeld the Minotaur Berserker began the quest for the Orb.
     0 | D        | Reached XP level 1. HP: 19/19 MP: 0/0
     2 | D        | Noticed Ijyb
    11 | D        | Killed Ijyb
    12 | D        | Reached skill level 5 in Fighting
    12 | D        | Reached skill level 5 in Axes
    12 | D        | Reached XP level 2. HP: 29/29 MP: 1/1
   273 | D        | Noticed an ogre
   275 | D        | Killed an ogre
   276 | D        | Reached XP level 3. HP: 39/39 MP: 2/2
   276 | D        | Reached XP level 4. HP: 47/47 MP: 3/3
   508 | D        | Noticed Sigmund
   513 | D        | Killed Sigmund
   513 | D        | Reached ** piety under Trog
   514 | D        | Reached skill level 5 in Dodging
   514 | D        | Reached XP level 5. HP: 57/57 MP: 4/4
   603 | D        | Found a burning altar of Makhleb.
   603 | D        | Found a viscous altar of Jiyva.
   603 | D        | Found a shimmering altar of Xom.
   603 | D        | Found a corrupted altar of Lugonu.
   603 | D        | Noticed a slime creature
   609 | D        | Killed a slime creature
   610 | D        | Reached skill level 10 in Fighting
   610 | D        | Reached skill level 10 in Axes
   610 | D        | Reached XP level 6. HP: 67/67 MP: 5/5
   662 | D        | Found an ornate altar of the Wu Jian Council.
   662 | D        | Found a shimmering blue altar of Sif Muna.
   665 | D        | Found a radiant altar of Vehumet.
   777 | D        | Found Kuumal's Jewellery Emporium.
   777 | D        | Found an ancient bone altar of Kikubaaqudgha.
   777 | D        | Found a hazy altar of Hepliaklqana.
   777 | D        | Found a stormy altar of Qazlal.
   777 | D        | Found a hide-covered altar of Uskayaw.
   777 | D        | Found a blossoming altar of Fedhas.
   777 | D        | Found a bloodstained altar of Trog.
   777 | D        | Found an iron altar of Okawaru.
   777 | D        | Found a basalt altar of Yredelemnul.
   777 | D        | Found a glowing golden altar of the Shining One.
   777 | D        | Found a snail-covered altar of Cheibriados.
   777 | D        | Found a sacrificial altar of Ru.
   777 | D        | Found a glowing silver altar of Zin.
   777 | D        | Found a shadowy altar of Dithmenos.
   777 | D        | Found a white marble altar of Elyvilon.
   777 | D        | Noticed a yak
   782 | D        | Killed a yak
   783 | D        | Reached XP level 7. HP: 74/74 MP: 6/6
   783 | D        | Found an opulent altar of Gozag.
   784 | D        | Found a sparkling altar of Nemelex Xobeh.
   819 | D        | Bought a ring of see invisible for 165 gold pieces
   941 | D        | Noticed Sonja
   946 | D        | Killed Sonja
   946 | D        | Reached *** piety under Trog
   947 | D        | Reached XP level 8. HP: 68/85 MP: 7/7
  1136 | D        | Found Duurroru's Jewellery Boutique.
  1144 | D        | Bought a ring of poison resistance for 260 gold pieces
  1157 | D        | Noticed a deep troll
  1164 | D        | Killed a deep troll
  1198 | D        | Found Xavvau's Armour Emporium.
  1345 | D        | Noticed a kobold demonologist
  1346 | D        | Noticed a kobold demonologist
  1348 | D        | Noticed a rust devil
  1352 | D        | Killed a kobold demonologist
  1353 | D        | Reached skill level 10 in Armour
  1355 | D        | Reached **** piety under Trog
  1356 | D        | Reached XP level 9. HP: 92/95 MP: 8/8
  1360 | D        | Noticed a rust devil
  1368 | D        | Killed a kobold demonologist
  1566 | D        | Noticed a demonic crawler
  1566 | D        | Noticed a demonic crawler
  1566 | D        | Noticed a demonic crawler
  1566 | D        | Noticed a demonic crawler
  1575 | D        | Killed a demonic crawler
  1575 | D        | Noticed a gargoyle
  1576 | D        | Reached skill level 15 in Fighting
  1576 | D        | Reached skill level 15 in Axes
  1576 | D        | Killed a demonic crawler
  1577 | D        | Reached skill level 10 in Dodging
  1586 | D        | Killed a demonic crawler
  1586 | D        | Reached ***** piety under Trog
  1586 | D        | Slain by a demonic crawler

Illustrated notes

Levels and vault maps discovered:
D:        dungeon_sprint_1 [red_sonja_temple_1, red_sonja_temple_small_1]

Skill      XL: |  1  2  3  4  5  6  7  8  9 |
---------------+----------------------------+-----
Fighting       | 5 7 9 10 11 12 14 15 | 15.3
Axes           | 5 7 9 10 11 12 14 15 | 15.5
Armour         | 3 4 6 7 9 10 11 | 11.0
Dodging        | 3 4 5 6 7 8 9 10 | 10.1

Action                   |  1- 3 |  4- 6 |  7- 9 || total
-------------------------+-------+-------+-------++-------
Melee: Hand axe          |     8 |    13 |    46 ||    67
       Headbutt          |     2 |     6 |    17 ||    25
Invok: Berserk           |     2 |     4 |     2 ||     8
Evoke: Wand              |       |       |     5 ||     5
Armor: Animal skin       |     1 |     2 |     1 ||     4
Dodge: Dodged            |     1 |     5 |    36 ||    42
